 Dungeon Crawl Stone Soup version 0.22-a0-580-gd5db89c (webtiles) character file.

1223 Hebeh the Poker (level 8, -2/70 HPs)
             Began as a Minotaur Fighter on July 2, 2018.
             Slain by an eight-headed hydra (4 damage)
             ... on level 6 of the Dungeon.
             The game lasted 00:14:48 (5592 turns).

Hebeh the Poker (Minotaur Fighter)                  Turns: 5592, Time: 00:14:48

Health: -2/70      AC: 21    Str: 28    XL:     8   Next: 23%
Magic:  8/8        EV:  5    Int:  5    God:
Gold:   248        SH: 11    Dex: 10    Spells: 7/7 levels left

rFire    . . .     SeeInvis .   a - +3 trident (protect)
rCold    . . .     Gourm    +   c - +0 shield
rNeg     . . .     Faith    .   n - +0 plate armour
rPois    .         Spirit   .   (helmet restricted)
rElec    .         Reflect  .   u - +0 cloak
rCorr    .         Harm     .   (no gloves)
MR       .....                  (no boots)
Stlth    ..........             r - amulet of the gourmand
HPRegen  0.21/turn              (no ring)
MPRegen  0.11/turn              (no ring)

@: mighty, protection aura
A: retaliatory headbutt, horns 2
a: no special abilities


You were on level 6 of the Dungeon.
You were not hungry.

You visited 1 branch of the dungeon, and saw 6 of its levels.

You collected 248 gold pieces.

Inventory:

Hand Weapons
 a - a +3 trident of protection (weapon)
 b - a +0 hunting sling
 j - a +0 war axe
Missiles
 x - 25 sling bullets
 z - 8 javelins (quivered)
Armour
 c - a +0 shield (worn)
 n - a +0 plate armour (worn)
 p - a +0 ring mail of cold resistance
 u - a +0 cloak (worn)
Jewellery
 r - an amulet of the gourmand (around neck)
 A - an uncursed amulet of magic regeneration
Wands
 k - a wand of polymorph (8)
 y - a wand of flame (21)
Scrolls
 e - 2 scrolls of immolation
 i - 3 scrolls of blinking
 l - a scroll of vulnerability
 q - a scroll of fear
 s - a scroll of amnesia
Potions
 d - a potion of might
 g - a potion of heal wounds {unknown}
 m - a potion of brilliance {unknown}
 t - a potion of haste {unknown}
 w - 2 potions of invisibility
Comestibles
 f - 9 rations


   Skills:
 + Level 6.2 Fighting
 - Level 3.3(5.4) Axes
 * Level 6.6(7.0) Polearms
 + Level 1.7 Slings
 + Level 6.2 Armour
 + Level 6.2 Shields
 + Level 1.4 Evocations


You had 7 spell levels left.
You didn't know any spells.
Your spell library contained the following spells:

 Spells                   Type           Power        Failure   Level  Hunger
 Fireball                 Conj/Fire      #.........   100%        5    ######.
 Conjure Flame            Conj/Fire      #.......     100%        3    ####...
 Throw Flame              Conj/Fire      #.....       100%        2    ###....
 Sticky Flame             Conj/Fire      #.......     100%        4    #####..
 Flame Tongue             Conj/Fire      #....        100%        1    ##.....
 Inner Flame              Hex/Fire       #.......     100%        3    ####...


Dungeon Overview and Level Annotations

Branches:
Dungeon (6/15)
 Temple: D:4-7

Altars:
Nemelex Xobeh


Innate Abilities, Weirdness & Mutations

You reflexively headbutt those who attack you in melee.
You have a pair of horns on your head.


Message History

* * * LOW HITPOINT WARNING * * *
The eight-headed hydra bites you but does no damage.
You block the eight-headed hydra's attack. x2
Your shield and plate armour prevent you from hitting the eight-headed hydra.
Your headbutt misses the eight-headed hydra.
The eight-headed hydra is heavily wounded.
The eight-headed hydra bites you but does no damage.
The eight-headed hydra bites you.
* * * LOW HITPOINT WARNING * * *
You block the eight-headed hydra's attack.
The eight-headed hydra bites you!
* * * LOW HITPOINT WARNING * * *
The eight-headed hydra bites you but does no damage. x3
You block the eight-headed hydra's attack.
You feel very mighty all of a sudden.
The eight-headed hydra bites you but does no damage.
You block the eight-headed hydra's attack.
The eight-headed hydra bites you but does no damage.
The eight-headed hydra bites you.
You die...

..#.#....#
.#.#....###
..+.......
#.#....#
#<#....### #
##.......##.#
#.##.......#
#.##.##.##.#
#.##.##@#
#.##.##D#
#.##.##.#
#.(......
####.....
####.## #..
#.#


You could see an eight-headed hydra.

Vanquished Creatures
  Duvessa (D:4)
  A sky beast (D:5)
  2 ogres (D:4)
  A phantom (D:4)
  2 centaurs (D:5)
  Dowan (D:4)
  A crimson imp (D:5)
  A hound (D:5)
  A jelly (D:5)
  An orc priest (D:3)
  3 orc wizards
  2 centaur skeletons
  2 worker ants (D:4)
  A hound skeleton (D:5)
  A worker ant zombie (D:5)
  A howler monkey skeleton (D:5)
  9 adders
  3 oozes
  3 worms
  3 dart slugs (D:2)
  4 leopard geckos
  12 orcs
  6 ball pythons
  6 bats
  4 giant cockroaches
  11 goblins
  9 hobgoblins
  6 jackals
  7 kobolds
  2 quokkas
  5 frilled lizards
  6 rats
118 creatures vanquished.

Notes
Turn   | Place    | Note
-------+----------+-------------------------------------------
     0 | D:1      | Hebeh the Minotaur Fighter began the quest for the Orb.
     0 | D:1      | Reached XP level 1. HP: 19/19 MP: 0/0
   226 | D:1      | Reached XP level 2. HP: 27/27 MP: 1/1
   676 | D:1      | Reached XP level 3. HP: 33/33 MP: 2/2
  1429 | D:2      | Reached skill level 1 in Polearms
  1440 | D:2      | Reached XP level 4. HP: 40/40 MP: 3/3
  2345 | D:3      | Reached XP level 5. HP: 46/47 MP: 4/4
  2680 | D:4      | Noticed an ogre
  2684 | D:4      | Killed an ogre
  2684 | D:4      | Reached XP level 6. HP: 55/55 MP: 5/5
  2719 | D:4      | Reached skill level 5 in Armour
  2767 | D:4      | Reached skill level 5 in Fighting
  2767 | D:4      | Reached skill level 5 in Shields
  2800 | D:4      | Noticed Duvessa
  2801 | D:4      | Noticed Dowan
  2814 | D:4      | Killed Duvessa
  2816 | D:4      | Reached XP level 7. HP: 37/61 MP: 6/6
  2820 | D:4      | Killed Dowan
  2820 | D:4      | Reached skill level 5 in Polearms
  3054 | D:4      | Found a sparkling altar of Nemelex Xobeh.
  3777 | D:5      | Entered Level 5 of the Dungeon
  4016 | D:5      | Reached skill level 1 in Slings
  4016 | D:5      | Reached skill level 1 in Evocations
  4016 | D:5      | Reached XP level 8. HP: 70/70 MP: 7/7
  4057 | D:5      | Found a glowing drain.
  5580 | D:6      | Noticed an eight-headed hydra
  5591 | D:6      | HP: 2/70 [eight-headed hydra (10)]
  5592 | D:6      | Slain by an eight-headed hydra

Vault maps used:
D:1:      ncdulo_halloftheorcs, hangedman_abyss_or_decor_lesser_grid,
          grunt_decor_mini_mirrors, minmay_quantized
D:2:      first_ration, minmay_nonomino_d4
D:3:      minivault_23
D:4:      nemelex_lonely_heart_becter, uniq_duvessa
D:5:      cheibrodos_sewer_entry_drain
D:6:      grunt_qazlal_sundering

Skill      XL: |  1  2  3  4  5  6  7 |
---------------+----------------------+-----
Axes           | 3 |  3.3
Armour         | 4 5 6 |  6.2
Shields        | 4 5 6 |  6.2
Fighting       | 4 5 6 |  6.2
Polearms       | 1 2 3 4 6 |  6.6
Slings         | 1 |  1.7
Evocations     | 1 |  1.4

Action                   |  1- 3 |  4- 6 |  7- 9 || total
-------------------------+-------+-------+-------++-------
Melee: War axe           |    56 |       |       ||    56
       Headbutt          |     9 |    17 |    23 ||    49
       Trident           |    28 |   120 |   143 ||   291
  Use: Scroll            |       |       |    10 ||    10
       Potion            |       |       |     1 ||     1
  Eat: Chunk             |     2 |     4 |    10 ||    16
       Ration            |       |       |     1 ||     1
Armor: Scale mail        |    39 |       |       ||    39
       Plate armour      |       |    47 |    92 ||   139
Dodge: Dodged            |    31 |    16 |    26 ||    73
Block: Shield            |    38 |    46 |    70 ||   154

Table legend:
 A = Spawn XP
 B = Non-spawn XP
 C = Spawn XP percentage of total XP
 D = Spawn monster count
 E = Non-spawn monster count
 F = Spawn count percentage of total count
 G = Total turns spent on level
                    A         B        C        D         E        F      G
               +---------+---------+-------+---------+---------+-------+---------
         Total |       0 |    1748 |   0.0 |       0 |     118 |   0.0 |  5592
               +---------+---------+-------+---------+---------+-------+---------
           D:1 |       0 |      43 |   0.0 |       0 |      26 |   0.0 |  1040
           D:2 |       0 |      64 |   0.0 |       0 |      19 |   0.0 |   773
           D:3 |       0 |     204 |   0.0 |       0 |      28 |   0.0 |   840
           D:4 |       0 |     799 |   0.0 |       0 |      24 |   0.0 |  1124
           D:5 |       0 |     638 |   0.0 |       0 |      21 |   0.0 |  1797
               +---------+---------+-------+---------+---------+-------+---------
